Map: 로스트 앤 파운드 - 래더

Players

INnoVation

  • Race: Terran Terran
  • League: Grandmaster
  • Spawn Location: 1:00

llllllllllll - Winner!

  • Race: Terran Terran
  • League: Grandmaster
  • Spawn Location: 7:00

VOD

Have the link to the VOD?

Description

Time

  • Played on: July 25, 2018, 1:29 a.m.
  • Length: 16:09
Show
View Real Time Build Order
Export as new Build Order

INnoVation Terran 

Build Orders: Cyclone Opening, Bio Tank 

Get SALT Encoding   

  12  0:00  SCV  
  13  0:12  SCV  
  14  0:17  Supply Depot  
  14  0:24  SCV  
  14  0:28  Refinery  
  15  0:38  SCV  
  16  0:44  Barracks  
  16  0:50  SCV  
  16  0:55  Refinery  
  17  1:03  SCV  
  18  1:15  SCV  
  19  1:31  Factory  
  19  1:32  Orbital Command  
  19  1:34  Reaper  
  20  1:43  Supply Depot  
  20  1:57  SCV  
  21  2:06  Reaper  
  22  2:09  SCV  
  22  2:15  Cyclone  
  26  2:21  SCV  
  27  2:30  Command Center  
  27  2:34  SCV  
  28  2:39  Barracks Reactor  
  28  2:45  Starport  
  28  2:46  SCV  
  29  2:52  Supply Depot  
  29  2:58  SCV, Factory Tech Lab  
  30  3:11  SCV  
  31  3:16  Marine x2  
  33  3:23  SCV  
  34  3:27  Raven  
  34  3:34  Marine x2  
  36  3:35  SCV  
  39  3:45  Cyclone  
  39  3:47  Orbital Command, SCV  
  43  3:51  Marine  
  43  3:52  Marine  
  43  3:54  Supply Depot  
  45  4:00  SCV  
  46  4:12  SCV  
  46  4:16  Barracks  
  47  4:18  Stimpack  
  47  4:23  SCV, Barracks  
  47  4:24  SCV  
  49  4:26  Engineering Bay  
  49  4:27  Starport Reactor, Factory Tech Lab  
  49  4:28  Marine  
  50  4:35  SCV, Refinery  
  50  4:36  SCV  
  52  4:41  Supply Depot  
  52  4:45  Siege Tank, Marine  
  52  4:48  SCV x2  
  58  4:57  Supply Depot  
  58  4:58  Terran Infantry Weapons Level 1  
  58  5:00  SCV x2  
  58  5:03  Marine  
  58  5:04  Marine x2  
  63  5:10  Starport Reactor  
  63  5:12  SCV x2  
  65  5:14  Supply Depot  
  65  5:16  Marine x2  
  65  5:20  Supply Depot  
  67  5:22  Siege Tank  
  67  5:25  SCV x2  
  72  5:35  Refinery, Marine  
  72  5:36  Marine x3  
  72  5:37  Supply Depot, Marine  
  72  5:39  SCV  
  72  5:40  SCV  
  79  5:44  Supply Depot  
  79  5:46  Medivac  
  79  5:48  Medivac  
  83  5:53  SCV x2  
  85  6:01  Siege Tank, Supply Depot  
  85  6:03  Marine x4  
  85  6:04  Marine  
  92  6:11  SCV x2  
  95  6:19  Combat Shields  
  95  6:22  Marine x5  
  98  6:27  Supply Depot  
  98  6:29  Medivac x2  
  102  6:40  Siege Tank, Marine x5  
  110  6:53  Terran Infantry Armor Level 1  
  110  6:56  Supply Depot, Command Center  
  110  6:58  Marine x2  
  110  6:59  Marine x2  
  113  7:04  SCV x2  
  115  7:12  Siege Tank  
  115  7:19  Marine x5  
  120  7:22  Medivac  
  120  7:24  Medivac  
  120  7:26  Barracks x2  
  114  7:36  SCV x2, Marine  
  114  7:37  Marine x4  
  91  7:44  Siege Tank  
  91  7:49  SCV x2  
  96  7:56  Viking x2  
  100  8:01  SCV x2  
  100  8:03  Sensor Tower  
  102  8:06  Armory  
  102  8:10  Orbital Command  
  102  8:14  SCV x2  
  102  8:18  Engineering Bay  
  104  8:20  Siege Tank  
  104  8:22  Barracks Reactor  
  104  8:23  Barracks Reactor  
  107  8:27  Refinery  
  107  8:28  Refinery  
  107  8:31  SCV x2  
  109  8:35  SCV  
  109  8:36  Viking  
  109  8:40  Viking  
  114  8:43  SCV  
  114  8:45  SCV  
  114  8:47  SCV  
  114  8:48  Marine x3  
  117  8:49  Marine x2  
  123  8:55  SCV  
  123  8:56  Supply Depot  
  123  8:58  Terran Infantry Weapons Level 2  
  123  9:01  Marine x4, Supply Depot  
  127  9:04  SCV x2  
  127  9:06  Marine x2  
  127  9:07  SCV  
  127  9:09  Terran Infantry Armor Level 2  
  132  9:14  Viking  
  132  9:16  Viking  
  135  9:22  Command Center  
  131  9:24  Siege Tank  
  131  9:30  Marine x4  
  131  9:31  Supply Depot, Marine  
  138  9:33  Marine  
  138  9:34  Marine  
  140  9:41  Missile Turret  
  140  9:44  Viking  
  139  9:46  Viking  
  140  9:53  Terran Vehicle Weapons Level 1  
  140  9:55  Factory, Marine x3  
  140  9:59  Barracks Reactor  
  143  10:01  Marine  
  144  10:14  Viking  
  146  10:15  Marine x7  
  146  10:16  Viking  
  152  10:22  Siege Tank  
  152  10:27  Marine  
  156  10:29  SCV x3  
  156  10:32  Supply Depot x2  
  156  10:33  Marine  
  160  10:40  Refinery  
  160  10:50  SCV x3  
  160  10:52  Planetary Fortress, Refinery  
  160  10:53  Sensor Tower  
  160  10:55  Viking  
  160  10:56  Viking  
  167  10:59  Starport x2  
  165  11:06  Marine x9  
  139  11:13  SCV x3  
  139  11:18  Marine  
  134  11:24  Marine x5  
  134  11:25  SCV x3  
  142  11:27  Missile Turret  
  142  11:36  Starport Tech Lab x2  
  142  11:40  Terran Infantry Armor Level 3, Terran Infantry Weapons Level 3  
  142  11:46  Viking x2  
  146  11:55  Raven x2, Corvid Reactor  
  146  11:56  Marine  
  146  11:58  Marine  
  146  11:59  Marine x5  
  157  12:02  Siege Tank  
  157  12:03  Siege Tank  
  163  12:10  Missile Turret, Marine x3  
  163  12:14  Marine  
  167  12:16  Marine x2  
  167  12:17  Marine  
  167  12:19  Viking x2  
  173  12:26  Marine x3  
  173  12:27  Marine  
  173  12:28  Marine, Command Center  
  178  12:34  Siege Tank  
  178  12:35  Siege Tank  
  184  12:39  Raven  
  184  12:40  Raven  
  184  12:43  Marine x5  
  184  12:44  Marine x3  
  191  12:45  Marine x2  
  196  12:59  Barracks  
  196  13:00  Barracks  
  196  13:01  Marine x2  
  196  13:05  Starport  
  197  13:06  Starport  
  164  13:16  Marine x8  
  164  13:19  Marine x2  
  115  13:25  Medivac x2  
  115  13:27  Raven x2  
  110  13:34  Marine x7  
  114  13:49  Starport Tech Lab  
  114  13:53  Starport Tech Lab  
  112  14:00  Medivac x2  
  112  14:01  Marine x10  
  112  14:02  Marine x2  
  110  14:03  Siege Tank  
  95  14:19  Marine x2  
  95  14:20  Siege Tank  
  100  14:27  Marine x8  
  108  14:32  Orbital Command  
  108  14:34  Raven x2  
  108  14:35  Siege Tank  
  115  14:40  Raven  
  116  14:45  Marine  
  109  15:08  Marine x2  
  87  15:19  Banshee, Medivac  
  87  15:21  Raven  
  88  15:22  Marine  
  88  15:27  Planetary Fortress  
  91  15:31  Marine  
  91  15:32  Marine  
  91  15:35  Marine x4  
  97  15:41  SCV x2, Marine x2  
  97  15:42  Marine  
Show
View Real Time Build Order
Export as new Build Order

llllllllllll Terran - Winner!

Build Orders: Cyclone Opening, Bio Tank 

Get SALT Encoding   

  12  0:01  SCV  
  13  0:13  SCV  
  14  0:17  Supply Depot  
  14  0:25  SCV  
  15  0:30  Refinery  
  15  0:38  SCV  
  16  0:44  Barracks  
  16  0:51  SCV  
  17  0:57  Refinery  
  17  1:03  SCV  
  18  1:15  SCV  
  19  1:32  Reaper, Orbital Command  
  20  1:36  Factory  
  20  1:44  Supply Depot  
  20  1:58  SCV  
  21  2:04  Reaper  
  22  2:10  SCV  
  23  2:21  Hellion  
  25  2:28  Command Center  
  25  2:29  SCV  
  26  2:38  Barracks Reactor  
  26  2:42  Cyclone  
  29  2:44  SCV  
  29  2:48  Supply Depot  
  30  2:56  Starport  
  30  3:00  SCV  
  31  3:12  SCV  
  37  3:20  Cyclone  
  37  3:24  SCV  
  36  3:29  Marine x2  
  38  3:37  SCV  
  38  3:40  Viking  
  41  3:48  Orbital Command  
  41  3:49  Marine x2  
  41  3:52  Cyclone  
  41  3:54  SCV  
  47  4:00  Supply Depot  
  47  4:06  SCV  
  48  4:12  Starport Tech Lab  
  48  4:14  SCV  
  48  4:15  Marine x2  
  51  4:21  SCV  
  51  4:23  Supply Depot  
  52  4:26  SCV, Factory Tech Lab  
  53  4:32  Raven  
  53  4:34  SCV  
  53  4:36  Marine x2  
  58  4:38  SCV  
  59  4:46  SCV, Siege Tank  
  59  4:50  SCV  
  59  4:52  Engineering Bay  
  64  4:53  Supply Depot  
  64  4:58  SCV  
  65  5:02  SCV  
  66  5:10  SCV, Barracks  
  66  5:12  Barracks  
  67  5:15  SCV, Refinery  
  67  5:16  Supply Depot  
  67  5:21  Starport Reactor  
  68  5:22  SCV  
  68  5:23  Marine  
  68  5:24  Stimpack  
  68  5:26  Supply Depot  
  68  5:27  SCV  
  68  5:28  Refinery  
  71  5:32  Terran Infantry Weapons Level 1  
  71  5:34  SCV  
  72  5:39  SCV, Supply Depot  
  72  5:41  Marine  
  74  5:46  SCV  
  74  5:49  Supply Depot  
  75  5:51  SCV, Siege Tank  
  79  5:58  SCV, Marine x2  
  79  5:59  Marine  
  79  6:03  SCV, Supply Depot  
  84  6:05  Starport Reactor  
  84  6:08  Marine  
  84  6:09  Marine  
  86  6:16  Marine x2  
  88  6:20  Marine, Command Center  
  88  6:24  SCV x2  
  91  6:26  Siege Tank, Marine  
  91  6:28  Marine  
  96  6:34  Marine  
  97  6:40  Marine x2  
  97  6:42  SCV x2  
  97  6:43  Medivac x2  
  105  6:47  Marine x2  
  105  6:48  Supply Depot x2  
  105  6:52  Marine  
  109  6:54  SCV x2  
  109  6:58  Marine  
  111  7:04  Marine  
  111  7:05  Marine  
  111  7:06  SCV, Barracks  
  111  7:08  Barracks  
  114  7:10  Armory  
  114  7:12  Engineering Bay, Marine  
  115  7:19  Marine  
  108  7:35  Marine  
  87  7:41  Marine  
  87  7:43  Siege Tank  
  87  7:44  Marine x2, Viking x2  
  90  7:45  Orbital Command  
  90  7:46  SCV x2  
  90  7:48  Marine  
  95  7:51  Refinery  
  95  7:52  Refinery  
  95  7:54  Barracks Reactor  
  95  7:55  Barracks Reactor  
  95  7:57  Terran Infantry Armor Level 1  
  95  7:58  SCV, Terran Infantry Weapons Level 2  
  96  7:59  Marine  
  96  8:01  Marine  
  96  8:02  Marine  
  96  8:03  Combat Shields  
  96  8:04  SCV  
  100  8:07  Marine x2  
  100  8:10  SCV  
  100  8:12  SCV  
  104  8:16  Siege Tank  
  104  8:17  SCV  
  104  8:18  Liberator  
  108  8:20  Marine x2  
  108  8:21  Marine  
  108  8:22  SCV  
  108  8:24  SCV  
  108  8:25  Marine x2  
  115  8:29  SCV  
  115  8:30  Marine x4  
  120  8:35  Viking  
  120  8:38  Marine x3  
  128  8:41  Supply Depot x2  
  128  8:42  SCV x2  
  128  8:44  Marine x2  
  132  8:50  Marine  
  132  8:51  Factory, Sensor Tower  
  132  8:53  Siege Tank  
  136  8:58  Marine x3  
  136  8:59  Marine x3  
  142  9:03  Missile Turret  
  142  9:05  Missile Turret  
  142  9:07  Marine x2  
  142  9:08  Marine  
  145  9:12  Supply Depot  
  145  9:16  Marine x5  
  150  9:20  Medivac x2  
  150  9:22  Marine  
  155  9:25  Missile Turret, Marine x2  
  155  9:26  Marine  
  161  9:31  Siege Tank  
  161  9:34  Marine x3  
  164  9:41  Marine  
  164  9:43  Marine x2  
  164  9:46  Factory Tech Lab, Command Center  
  164  9:48  Marine  
  164  9:50  Marine  
  164  9:51  Marine  
  164  9:52  Marine  
  168  9:55  Marine  
  169  10:01  Marine  
  170  10:08  Marine x2  
  170  10:12  Marine  
  173  10:20  Marine  
  172  10:25  Siege Tank  
  172  10:33  Terran Infantry Armor Level 2, Terran Infantry Weapons Level 3  
  172  10:43  Marine  
  172  10:49  Supply Depot x2  
  173  10:50  Siege Tank, Marine, Supply Depot, Medivac x2  
  173  10:51  Supply Depot  
  173  10:54  Marine x2  
  180  10:57  Siege Tank  
  180  10:58  Marine x2  
  185  11:10  Marine  
  185  11:11  Marine  
  138  11:13  Marine x2  
  138  11:15  Marine x3  
  138  11:17  Planetary Fortress  
  125  11:21  Marine  
  125  11:22  Siege Tank  
  125  11:23  Viking x2  
  125  11:25  Marine  
  133  11:28  Marine x2  
  136  11:33  Siege Tank  
  136  11:34  Marine  
  136  11:35  Marine x3  
  136  11:36  Marine  
  136  11:38  Starport, Marine  
  145  11:40  Starport  
  145  11:43  Marine  
  145  11:46  Marine x2  
  148  11:52  Marine  
  148  11:53  Marine x3  
  152  11:54  Siege Tank, Marine  
  152  11:56  Marine  
  152  12:01  Marine  
  157  12:03  Marine  
  157  12:05  Marine  
  157  12:06  Siege Tank  
  163  12:09  SCV x2, Marine, Refinery x2, Viking x2  
  170  12:17  Marine  
  170  12:18  Starport Tech Lab x2  
  170  12:19  Marine  
  172  12:30  Marine x2  
  174  12:39  Marine  
  174  12:42  Raven x2, Corvid Reactor  
  174  12:43  Siege Tank, Viking x2  
  174  12:44  Siege Tank, Marine x2  
  189  12:46  Marine  
  189  12:47  Command Center  
  192  12:59  Terran Infantry Armor Level 3  
  192  13:00  Terran Vehicle Weapons Level 1, Marine x2  
  180  13:15  Marine  
  180  13:17  Siege Tank  
  180  13:18  Viking x2  
  155  13:24  Raven, Marine x2  
  155  13:25  Raven  
  155  13:27  Siege Tank  
  153  13:29  Marine  
  153  13:30  Marine x2  
  156  13:34  SCV  
  156  13:38  Marine x3  
  160  13:48  Medivac x2, Marine  
  159  14:00  Marine x2  
  159  14:02  Marine x2  
  129  14:09  Siege Tank, Marine  
  127  14:10  Marine x3  
  127  14:11  Raven x2  
  127  14:13  Siege Tank  
  127  14:14  Marine  
  134  14:18  Marine x2  
  134  14:19  Marine  
  134  14:21  Planetary Fortress, Medivac x2  
  134  14:24  SCV x2, Marine  
  143  14:25  Missile Turret  
  143  14:26  Marine  
  143  14:28  Marine x2  
  143  14:30  Marine  
  148  14:31  Marine  
  148  14:34  SCV  
  148  14:36  Marine x2  
  148  14:37  Marine  
  153  14:42  Marine  
  153  14:44  Marine  
  155  14:51  Marine x3  
  158  14:59  Marine x3  
  161  15:01  Command Center  
  156  15:12  Marine  
  156  15:13  Marine x3  
  133  15:14  Marine  
  133  15:15  Marine  
  133  15:17  Marine  
  133  15:18  Raven x2  
  133  15:19  Medivac x2  
  133  15:20  Siege Tank x2  
  147  15:21  Marine  
  147  15:22  Marine  
  149  15:31  Marine x3  
  149  15:34  Marine x4  
  156  15:44  Marine x2  
  156  15:49  Marine  
  159  15:50  Marine x2  
Tags
 
Add a new tag
Caveats
  • Supply blocks, unpowered buildings, or Contaminate may cause inaccurate times.
  • Supply counts are checked every 10 seconds.